[Event "Titled Tuesday Blitz November 01 Early 2022"]
[White "Yuan, Qingyu"]
[Black "Caruana, Fabiano"]
[WhiteFideId "8609772"]
[BlackFideId "2020009"]
[WhiteElo "2359"]
[BlackElo "2847"]
[Result "0-1"]
[Round "07"]
[TimeControl "180+1"]
[Date "2022.11.01"]
[WhiteClock "0:00:25"]
[BlackClock "0:01:57"]

1. e4 c5 2. Nf3 e6 3. b3 b6 4. d4 cxd4 5. Nxd4 Bb7 6. Bd3 Qf6 7. c3 Bc5 8. Be3 Nc6 9. Nc2 Ne5 10. O-O Ne7 11. Bd4 N7g6 12. b4 Bxd4 13. cxd4 Nxd3 14. Qxd3 Nf4 15. Qf3 Rc8 16. Nba3 Rc3 17. e5 Bxf3 18. exf6 Bxg2 19. Nb5 Rxc2 20. fxg7 Rg8 21. Rfc1 Rxg7 0-1


[Site "https://www.chess.com"]

[Event "Titled Tuesday Blitz November 01 Early 2022"]
[White "Zaichenko, Daria"]
[Black "Shuvalov, Evgenij"]
[WhiteFideId "4197453"]
[BlackFideId "4187237"]
[WhiteElo "2039"]
[BlackElo "2049"]
[Result "0-1"]
[Round "07"]
[TimeControl "180+1"]
[Date "2022.11.02"]
[WhiteClock "0:00:34"]
[BlackClock "0:00:10"]

1. e4 e6 2. d4 d5 3. Bd3 c5 4. exd5 exd5 5. dxc5 Bxc5 6. Nf3 Nf6 7. O-O O-O 8. Bg5 h6 9. Bh4 g5 10. Nxg5 hxg5 11. Bxg5 Be6 12. Nc3 Nbd7 13. Qf3 Be7 14. Rae1 Kg7 15. Qg3 Nh5 16. Bf6+ Kxf6 17. Qh4+ Kg7 18. Qxh5 Rh8 19. Qf3 Bf6 20. Qg3+ Kf8 21. f4 Bh4 22. Qf3 Bxe1 23. Rxe1 Qh4 24. Re2 Qxh2+ 25. Kf2 Nf6 26. f5 Qh4+ 27. g3 Ng4+ 28. Ke1 Qh1+ 29. Qxh1 Rxh1+ 30. Kd2 Bd7 31. Nxd5 Re8 32. Rxe8+ Kxe8 33. Be2 Rh2 34. Kd1 Ne5 35. g4 Bc6 36. Ne3 Bf3 37. Bxf3 Nxf3 0-1


[Site "https://www.chess.com"]

[Event "Titled Tuesday Blitz November 01 Early 2022"]
[White "Zakhartsov, Vladimir"]
[Black "Darini, Pouria"]
[WhiteFideId "4145097"]
[BlackFideId "12502200"]
[WhiteElo "2492"]
[BlackElo "2483"]
[Result "1-0"]
[Round "07"]
[TimeControl "180+1"]
[Date "2022.11.01"]
[WhiteClock "0:00:49"]
[BlackClock "0:00:03"]

1. e4 e5 2. Nf3 Nc6 3. Nc3 Nf6 4. a3 Be7 5. d4 exd4 6. Nxd4 O-O 7. Nxc6 bxc6 8. e5 Ne8 9. Bd3 d6 10. Bf4 Rb8 11. Qh5 g6 12. Qe2 Ng7 13. O-O-O dxe5 14. Bxe5 Bd6 15. f4 Qe7 16. Rhe1 Re8 17. Bxd6 Qxd6 18. Qf2 Bg4 19. Rxe8+ Rxe8 20. Rf1 Bf5 21. Bxf5 Nxf5 22. g3 c5 23. Rd1 Qc6 24. Kb1 Ne3 25. Re1 Ng4 26. Rxe8+ Qxe8 27. Qxc5 Nxh2 28. Qxa7 Qe1+ 29. Ka2 Qxg3 30. Qb8+ Kg7 31. Qxc7 h5 32. a4 Qg2 33. a5 h4 34. Qe5+ Kg8 35. a6 Ng4 36. Qb8+ Kg7 37. a7 h3 38. a8=Q 1-0


[Site "https://www.chess.com"]

[Event "Titled Tuesday Blitz November 01 Early 2022"]
[White "Zhu, Jiner"]
[Black "Bagwe Gaurang"]
[WhiteFideId "8608059"]
[BlackFideId "45039895"]
[WhiteElo "2384"]
[BlackElo "1931"]
[Result "1-0"]
[Round "07"]
[TimeControl "180+1"]
[Date "2022.11.02"]
[WhiteClock "0:00:49"]
[BlackClock "0:00:03"]

1. c4 e5 2. Nc3 Nf6 3. Nf3 Nc6 4. e4 Be7 5. d4 exd4 6. Nxd4 Nxd4 7. Qxd4 d6 8. Be2 O-O 9. O-O Be6 10. f3 Nd7 11. Be3 Bf6 12. Qd2 a5 13. f4 Nb6 14. Nd5 Bxd5 15. cxd5 Re8 16. Bd3 Qe7 17. Rae1 g6 18. Kh1 a4 19. Bg1 a3 20. b3 Nd7 21. Re2 b6 22. b4 Bg7 23. Rfe1 Nf6 24. Bb5 Red8 25. Bc6 Ra7 26. Qd3 g5 27. g3 gxf4 28. gxf4 Kh8 29. Qf3 Rg8 30. e5 dxe5 31. fxe5 Nd7 32. e6 Nf6 33. Bd4 b5 34. Bxa7 Qxb4 35. exf7 Rf8 36. Re8 h6 37. Rxf8+ Kh7 38. Rfe8 Nxe8 39. fxe8=Q 1-0


[Site "https://www.chess.com"]

[Event "Titled Tuesday Blitz November 01 Early 2022"]
[White "parintele_chess"]
[Black "Rios Escobar, Adan"]
[BlackFideId "3403645"]
[WhiteElo "2211"]
[BlackElo "2363"]
[Result "1-0"]
[Round "07"]
[TimeControl "180+1"]
[Date "2022.11.02"]
[WhiteClock "0:00:10"]
[BlackClock "0:00:01"]

1. d4 Nf6 2. c4 g6 3. Nc3 Bg7 4. e4 d6 5. Be2 O-O 6. Bg5 Na6 7. f4 c6 8. Nf3 h6 9. Bh4 Nc7 10. O-O Ne6 11. e5 Nh5 12. f5 Nef4 13. fxg6 fxg6 14. exd6 Qxd6 15. Ne4 Qc7 16. Ne5 Nxe2+ 17. Qxe2 Bf5 18. g4 Bxe4 19. Qxe4 g5 20. gxh5 gxh4 21. Ng6 Rxf1+ 22. Rxf1 e5 23. Nxe5 Re8 24. Qg6 Re7 25. Ng4 Kh8 26. Nxh6 Qd8 27. Nf7+ Rxf7 28. Qxf7 Bxd4+ 29. Kg2 1-0


[Site "https://www.chess.com"]

[Event "Titled Tuesday Blitz November 01 Early 2022"]
[White "Aizpurua, Patrick Emilio"]
[Black "Sanchez, Robert"]
[WhiteFideId "6600522"]
[BlackFideId "2034360"]
[WhiteElo "2378"]
[BlackElo "2404"]
[Result "1-0"]
[Round "08"]
[TimeControl "180+1"]
[Date "2022.11.02"]
[WhiteClock "0:00:53"]
[BlackClock "0:00:01"]

1. d4 Nf6 2. Nf3 e6 3. c4 Bb4+ 4. Bd2 a5 5. g3 O-O 6. Bg2 Bxd2+ 7. Nbxd2 d6 8. O-O Nbd7 9. a3 e5 10. b4 Re8 11. e3 h6 12. bxa5 Rxa5 13. Nb3 Ra8 14. a4 exd4 15. exd4 Nb6 16. Nbd2 Bg4 17. Qb3 Qc8 18. Rfb1 Ra5 19. Qb4 Qa8 20. c5 dxc5 21. dxc5 Nbd7 22. Nb3 Ra7 23. a5 Bf5 24. Re1 c6 25. Nfd4 Bd3 26. Qc3 Ba6 27. Nf5 Nf8 28. Nxh6+ gxh6 29. Qxf6 Qc8 30. Qxh6 Ng6 31. Bh3 Qd8 32. Rad1 Rxe1+ 33. Rxe1 Bd3 34. Nd4 Ra8 35. Nf5 Qf6 36. Ne7+ 1-0


[Site "https://www.chess.com"]

[Event "Titled Tuesday Blitz November 01 Early 2022"]
[White "Al-Tarboush, Ward"]
[Black "Yuan, Qingyu"]
[WhiteFideId "7601450"]
[BlackFideId "8609772"]
[WhiteElo "2269"]
[BlackElo "2359"]
[Result "0-1"]
[Round "08"]
[TimeControl "180+1"]
[Date "2022.11.01"]
[WhiteClock "0:00:43"]
[BlackClock "0:00:14"]

1. e4 c6 2. Nc3 d5 3. Nf3 dxe4 4. Nxe4 Nf6 5. Nxf6+ exf6 6. Bc4 Bd6 7. Qe2+ Be7 8. d4 O-O 9. O-O Bd6 10. Re1 a5 11. a4 Na6 12. c3 Nc7 13. Be3 Bg4 14. h3 Bh5 15. Qd1 Nd5 16. Bxd5 cxd5 17. g4 Bg6 18. Nh4 Be4 19. Nf5 Bc7 20. Ng3 Bxg3 21. fxg3 Qb6 22. Qd2 Rfe8 23. Bf2 Re6 24. Re3 Rae8 25. b4 h6 26. b5 Qc7 27. Rae1 Qc4 28. Ra1 f5 29. gxf5 Bxf5 30. Rxe6 Rxe6 31. g4 Re2 32. Qf4 Be4 33. Qg3 Rc2 34. g5 h5 35. Re1 Rxc3 36. Be3 Rc2 37. Bf2 Rc3 38. Qh4 Qc8 39. Re3 Rc1+ 40. Re1 Qc3 41. Rxc1 Qxc1+ 42. Be1 Qe3+ 43. Bf2 Qf3 44. Kf1 Bd3+ 45. Kg1 Qd1+ 46. Kh2 Be4 47. Qf4 h4 48. Bg1 Qc2+ 49. Qf2 Qxa4 50. Qxh4 Qxb5 51. Qf4 Qe2+ 52. Bf2 Qf1 53. Kg3 a4 54. g6 fxg6 55. Qh4 Qg2+ 56. Kf4 Qf3+ 57. Ke5 Qf6+ 58. Qxf6 gxf6+ 59. Kxf6 Kh7 60. Ke5 b5 61. Be1 a3 62. Bb4 a2 63. Bc3 b4 64. Bb2 Kh6 65. Kf4 Kh5 66. Kg3 Kg5 67. Bc1+ Kf5 68. Bb2 Bd3 69. Kf3 Kg5 70. Kg3 Be2 71. Kf2 Bd1 72. Kg3 Kf5 73. Kh4 Ke4 74. Kg5 Bh5 75. Kf6 Kd3 76. Ke5 Bf3 77. Kf4 Be4 78. h4 Kc2 79. Ba1 Kb1 80. Ke3 Kxa1 81. Kd2 Kb1 82. Ke3 a1=Q 83. Kf4 Qxd4 84. h5 gxh5 85. Kg5 b3 0-1


[Site "https://www.chess.com"]

[Event "Titled Tuesday Blitz November 01 Early 2022"]
[White "Arabidze, Meri"]
[Black "Storey, Charles H"]
[WhiteFideId "13604040"]
[BlackFideId "406686"]
[WhiteElo "2403"]
[BlackElo "2252"]
[Result "1-0"]
[Round "08"]
[TimeControl "180+1"]
[Date "2022.11.02"]
[WhiteClock "0:00:37"]
[BlackClock "0:00:04"]

1. d4 d5 2. Nf3 c6 3. c4 Nf6 4. e3 e6 5. Nbd2 Nbd7 6. Bd3 dxc4 7. Nxc4 Bb4+ 8. Bd2 Bxd2+ 9. Qxd2 O-O 10. O-O b6 11. Rac1 Bb7 12. Nd6 Qb8 13. Nxb7 Qxb7 14. e4 e5 15. dxe5 Ng4 16. Qf4 Nh6 17. Bc4 Rae8 18. Rfd1 Qc7 19. Bd5 c5 20. b4 Nxe5 21. Nxe5 Rxe5 22. bxc5 bxc5 23. Rxc5 Qxc5 24. Qxe5 Qxf2+ 25. Kxf2 Ng4+ 26. Kg3 Nxe5 27. Rb1 g5 28. Rb7 h5 29. h4 gxh4+ 30. Kxh4 Ng6+ 31. Kg5 Kg7 32. Rxa7 Nh8 33. a4 Rc8 34. Kxh5 Rc2 35. g3 Kf6 36. Kg4 Rf2 37. a5 Kg6 38. Ra6+ Kg7 39. Rb6 Ng6 40. a6 Ne5+ 41. Kh3 Nf3 42. a7 Ng1+ 43. Kg4 f5+ 44. exf5 1-0


[Site "https://www.chess.com"]

[Event "Titled Tuesday Blitz November 01 Early 2022"]
[White "Ardila, Oscar Humberto"]
[Black "Kosakowski, Jakub"]
[WhiteFideId "4404742"]
[BlackFideId "1185080"]
[WhiteElo "1898"]
[BlackElo "2463"]
[Result "0-1"]
[Round "08"]
[TimeControl "180+1"]
[Date "2022.11.02"]
[WhiteClock "0:01:05"]
[BlackClock "0:00:54"]

1. d4 d5 2. c4 e5 3. Nf3 exd4 4. Nxd4 c5 5. Nf3 Nf6 6. Nc3 d4 7. Nb1 Nc6 8. g3 h6 9. Bg2 Bd6 10. O-O O-O 11. Nbd2 Re8 12. Re1 Bf5 13. a3 Qd7 14. Nh4 Bh7 15. b3 Re7 16. Bb2 Rae8 17. Bf3 g5 18. Ng2 Ne5 19. b4 Qh3 20. Bxb7 Rxb7 21. Nf1 Nxc4 22. Qb3 Nxb2 23. Qxb2 Rbe7 24. b5 Nd5 25. a4 Nc3 26. a5 Rxe2 27. Qb3 Rxe1 28. Rxe1 Rxe1 29. Nxe1 Ne2+ 30. Kh1 Qxf1# 0-1


[Site "https://www.chess.com"]

[Event "Titled Tuesday Blitz November 01 Early 2022"]
[White "Azarov, Sergei"]
[Black "Barria Zuniga, Daniel"]
[WhiteFideId "13501470"]
[BlackFideId "3400816"]
[WhiteElo "2494"]
[BlackElo "2414"]
[Result "1-0"]
[Round "08"]
[TimeControl "180+1"]
[Date "2022.11.02"]
[WhiteClock "0:00:20"]
[BlackClock "0:00:03"]

1. d4 d5 2. Nf3 e6 3. c4 Nf6 4. Nc3 Be7 5. Bg5 O-O 6. Qc2 h6 7. h4 c5 8. O-O-O Nc6 9. e3 Qa5 10. Kb1 cxd4 11. Nxd4 Nxd4 12. exd4 dxc4 13. Bxf6 Bxf6 14. Bxc4 b5 15. Bd3 Bb7 16. Be4 Rab8 17. Bxb7 Rxb7 18. Ne4 Be7 19. d5 exd5 20. Rxd5 Rc7 21. Qd3 a6 22. g4 Rfc8 23. g5 Qb6 24. Rd1 Qe6 25. a3 Rc4 26. f3 b4 27. a4 h5 28. Nd6 Bxd6 29. Rxd6 Qe5 30. g6 fxg6 31. Qxg6 Qe8 32. Qg5 1-0


[Site "https://www.chess.com"]

[Event "Titled Tuesday Blitz November 01 Early 2022"]
[White "Baches Garcia, Guillermo"]
[Black "Makhmudov, Shukhrat"]
[WhiteFideId "2209764"]
[BlackFideId "14200775"]
[WhiteElo "2425"]
[BlackElo "2135"]
[Result "1-0"]
[Round "08"]
[TimeControl "180+1"]
[Date "2022.11.02"]
[WhiteClock "0:00:05"]
[BlackClock "0:00:05"]

1. e4 e5 2. Nf3 Nc6 3. Nc3 Nf6 4. d4 exd4 5. Nxd4 Bb4 6. Nxc6 bxc6 7. Bd3 d5 8. Bd2 Bxc3 9. Bxc3 dxe4 10. Bxf6 Qxf6 11. Qe2 O-O 12. Qxe4 g6 13. O-O Bf5 14. Qf3 Qxb2 15. Bxf5 gxf5 16. Qxf5 Rad8 17. Rae1 Rd6 18. Re3 Qxa2 19. Rh3 Rg6 20. Qh5 h6 21. Rc3 Qd5 22. Qxd5 cxd5 23. Rxc7 Ra8 24. Ra1 a5 25. Ra4 Rd6 26. g3 d4 27. Rc5 d3 28. cxd3 Rxd3 29. Rcxa5 Rxa5 30. Rxa5 Kg7 31. Kg2 Rb3 32. h4 Rc3 33. Ra6 h5 34. Ra5 Kg6 35. Rg5+ Kh6 36. Rf5 Kg6 37. Rf3 Rc4 38. Re3 Rc5 39. Rf3 Rc4 40. Rb3 Ra4 41. Kf3 Rc4 42. Rb6+ f6 43. Rb5 Ra4 44. Kg2 Ra3 45. Rb4 Rc3 46. Rf4 Ra3 47. Rf3 Ra4 48. Re3 Ra5 49. Kf3 Rf5+ 50. Kg2 Ra5 51. Re2 Ra3 52. Rd2 Rb3 53. Rd4 Ra3 54. Rf4 Rb3 55. Kh2 Ra3 56. Kg1 Rb3 57. Ra4 Rc3 58. Ra8 Rc5 59. Kg2 Rc3 60. Rg8+ Kf7 61. Rh8 Kg6 62. Rb8 Ra3 63. Rb5 Rc3 64. Rd5 Ra3 65. Rc5 Rb3 66. Rc4 Ra3 67. g4 hxg4 68. Rxg4+ Kf5 69. f3 Ra1 70. h5 Ra8 71. Kg3 Ra1 72. h6 Ra8 73. h7 Rh8 74. Rg7 Ke6 75. Kg4 Ke5 76. f4+ Ke6 77. f5+ Ke5 78. Rf7 Ra8 79. Kh5 Kxf5 80. Rg7 Ra1 81. Rg4 Ra8 82. Rg8 Ra1 83. Rg4 Ra8 84. Rg3 Rh8 85. Kh6 Ra8 86. Rg8 Ra1 87. Kg7 Rg1+ 88. Kf7 Rh1 89. h8=Q Rxh8 90. Rxh8 Kg5 91. Rh1 f5 92. Rf1 f4 93. Ke6 Kg4 94. Ke5 f3 95. Ke4 Kg3 96. Rxf3+ Kg2 97. Rd3 1-0


[Site "https://www.chess.com"]

[Event "Titled Tuesday Blitz November 01 Early 2022"]
[White "Bagwe Gaurang"]
[Black "Szente Varga, Fruzsina"]
[WhiteFideId "45039895"]
[BlackFideId "712264"]
[WhiteElo "1931"]
[BlackElo "1994"]
[Result "1-0"]
[Round "08"]
[TimeControl "180+1"]
[Date "2022.11.02"]
[WhiteClock "0:00:19"]
[BlackClock "0:00:19"]

1. e4 e5 2. Nf3 Nc6 3. Bc4 Be7 4. c3 Nf6 5. d3 O-O 6. O-O d6 7. a4 Bg4 8. Nbd2 Qd7 9. Re1 Be6 10. a5 a6 11. d4 exd4 12. cxd4 d5 13. Bd3 dxe4 14. Nxe4 Nxd4 15. Neg5 Bg4 16. Ra4 Nxf3+ 17. gxf3 Bf5 18. Bxf5 Qxf5 19. Rxe7 Rad8 20. Qf1 h6 21. Ne4 Nd5 22. Ng3 Qc2 23. Rc4 Qb3 24. Re1 Qxf3 25. Rce4 Nf6 26. R4e3 Qd5 27. Re5 Qb3 28. Qg2 c6 29. Nf5 g6 30. Bxh6 Rfe8 31. Ne7+ Kh7 32. Bg5 Nh5 33. Bh4 Rd1 34. Rxh5+ Kg7 35. Bf6+ Kxf6 36. Qg5+ Kg7 37. Qh6+ Kf6 38. Rf5# 1-0


[Site "https://www.chess.com"]

[Event "Titled Tuesday Blitz November 01 Early 2022"]
[White "Begunov, Konstantin"]
[Black "Manelyuk, Daniil"]
[WhiteFideId "4118510"]
[BlackFideId "44173920"]
[WhiteElo "2225"]
[BlackElo "2209"]
[Result "1-0"]
[Round "08"]
[TimeControl "180+1"]
[Date "2022.11.02"]
[WhiteClock "0:01:05"]
[BlackClock "0:00:02"]

1. d4 Nf6 2. c4 c5 3. Nf3 cxd4 4. Nxd4 g6 5. Nc3 Bg7 6. g3 O-O 7. Bg2 Nc6 8. O-O a6 9. Nc2 d6 10. b3 Ne4 11. Nxe4 Bxa1 12. Nxa1 f5 13. Nc3 e5 14. Bh6 Re8 15. Qd2 Be6 16. Nc2 e4 17. Bg5 Qa5 18. Ne3 Ne5 19. Qd4 Nf7 20. Bf4 Rad8 21. Rd1 g5 22. Bxg5 Nxg5 23. Qf6 Nf7 24. Ncd5 Bxd5 25. Rxd5 Qxa2 26. Nxf5 Rd7 27. Qg7# 1-0


[Site "https://www.chess.com"]

[Event "Titled Tuesday Blitz November 01 Early 2022"]
[White "Belozerov, Andrei"]
[Black "Zemlyanskii, Ivan"]
[WhiteFideId "4120213"]
[BlackFideId "24249971"]
[WhiteElo "2360"]
[BlackElo "2107"]
[Result "0-1"]
[Round "08"]
[TimeControl "180+1"]
[Date "2022.11.01"]
[WhiteClock "0:00:03"]
[BlackClock "0:01:19"]

1. e4 c5 2. Nc3 e6 3. Nf3 Nc6 4. d4 cxd4 5. Nxd4 Nf6 6. Nxc6 bxc6 7. e5 Nd5 8. Ne4 Qc7 9. f4 Qb6 10. c4 Bb4+ 11. Ke2 f5 12. Nf2 Ne7 13. Kf3 Ba6 14. Be3 Bc5 15. Bxc5 Qxc5 16. Qd6 Qb6 17. Rd1 c5 18. Qxd7+ Kf7 19. Rd6 Bb7+ 20. Kg3 Qxb2 21. Qxe6+ Kf8 22. Rd7 Re8 23. Bd3 h5 24. h4 Rh6 25. Rb1 Qd2 26. Qxh6 Qe3+ 27. Kh2 gxh6 28. Rbxb7 Qxf2 29. Bb1 Qxf4+ 30. Kg1 Qxe5 31. Rxa7 Qe1+ 32. Kh2 Qxh4+ 33. Kg1 Qxc4 0-1


[Site "https://www.chess.com"]

[Event "Titled Tuesday Blitz November 01 Early 2022"]
[White "Besedes, Danilo"]
[Black "Koridze, Lile"]
[WhiteFideId "946796"]
[BlackFideId "13612514"]
[WhiteElo "2352"]
[BlackElo "2050"]
[Result "1-0"]
[Round "08"]
[TimeControl "180+1"]
[Date "2022.11.02"]
[WhiteClock "0:02:18"]
[BlackClock "0:02:30"]

1. d3 d5 2. e4 e6 3. Nf3 c5 4. Nc3 dxe4 5. dxe4 Qxd1+ 6. Kxd1 Nc6 7. Bb5 Bd7 8. Be3 Nf6 9. h3 a6 10. Bxc6 Bxc6 11. Nd2 Rd8 12. Ke1 b5 13. f3 Bd6 14. a4 Bg3+ 15. Kf1 bxa4 16. Nxa4 Bb5+ 17. c4 Bxa4 18. Rxa4 Rd6 19. Ke2 Ke7 20. Bxc5 1-0


[Site "https://www.chess.com"]

[Event "Titled Tuesday Blitz November 01 Early 2022"]
[White "Blokhin, Sofia"]
[Black "Alexikov, Alexander"]
[WhiteFideId "4508190"]
[BlackFideId "14103958"]
[WhiteElo "2005"]
[BlackElo "2222"]
[Result "1-0"]
[Round "08"]
[TimeControl "180+1"]
[Date "2022.11.02"]
[WhiteClock "0:00:10"]
[BlackClock "0:00:05"]

1. e4 c5 2. Nf3 d6 3. d4 cxd4 4. Nxd4 Nf6 5. Nc3 a6 6. Be3 e6 7. f3 b5 8. Qd2 Nbd7 9. g4 h6 10. h4 Bb7 11. O-O-O b4 12. Nce2 d5 13. Bg2 dxe4 14. g5 hxg5 15. hxg5 Rxh1 16. Bxh1 exf3 17. Nxf3 Nd5 18. g6 f6 19. Nfd4 Bc5 20. Bxd5 Bxd5 21. Nf4 Qb6 22. Qh2 O-O-O 23. Nxd5 exd5 24. Bg1 Ne5 25. Qh3+ Kb7 26. Ne6 Bxg1 27. Nxd8+ Qxd8 28. Rxg1 a5 29. Qe6 Qd7 30. Qxd7+ Nxd7 31. Rh1 Ne5 32. Rh7 Kc6 33. Rxg7 Kd6 34. Rd7+ Kxd7 35. g7 Kd6 36. g8=Q Nd7 37. Qg3+ Ke6 38. Qe3+ Ne5 39. Qa7 Kf5 40. Qxa5 Ke4 41. a3 bxa3 42. bxa3 f5 43. Qe1+ Kf4 44. a4 Nc4 45. a5 Kg4 46. a6 Nb6 47. Qg1+ Kf3 48. Qxb6 f4 49. a7 1-0


[Site "https://www.chess.com"]

[Event "Titled Tuesday Blitz November 01 Early 2022"]
[White "Bortnyk, Olexandr"]
[Black "Vachylia, Andrii"]
[WhiteFideId "14120828"]
[BlackFideId "14137224"]
[WhiteElo "2981"]
[BlackElo "2779"]
[Result "1-0"]
[Round "08"]
[TimeControl "180+1"]
[Date "2022.11.01"]
[WhiteClock "0:01:36"]
[BlackClock "0:00:08"]

1. d4 Nf6 2. Nc3 g6 3. Bf4 Bg7 4. e3 O-O 5. h4 h5 6. Nf3 d6 7. Ng5 Nbd7 8. Bc4 e5 9. dxe5 dxe5 10. Bg3 Qe7 11. Qd3 Kh8 12. O-O Nb6 13. Bb3 Bf5 14. e4 Be6 15. Bxe6 fxe6 16. Bxe5 Nbd7 17. Bxc7 Ne8 18. Bg3 Ne5 19. Bxe5 Bxe5 20. g3 Rd8 21. Qc4 Ng7 22. Rad1 Rc8 23. Qd3 Qc5 24. Kg2 Bf6 25. Nh3 Bxc3 26. bxc3 e5 27. Ng5 Qxc3 28. Qd6 Qc6 29. Qxe5 Rce8 30. Qd6 Ne6 31. Qxc6 bxc6 32. Nxe6 Rxe6 33. f3 Re5 34. Rd7 Rc5 35. Rf2 1-0


[Site "https://www.chess.com"]

[Event "Titled Tuesday Blitz November 01 Early 2022"]
[White "Brown, Andrew"]
[Black "Ronka, Erik"]
[WhiteFideId "3206513"]
[BlackFideId "505080"]
[WhiteElo "2245"]
[BlackElo "2264"]
[Result "0-1"]
[Round "08"]
[TimeControl "180+1"]
[Date "2022.11.02"]
[WhiteClock "0:00:03"]
[BlackClock "0:00:47"]

1. d4 d5 2. c4 Bf5 3. cxd5 Bxb1 4. Rxb1 Qxd5 5. e4 Qxe4+ 6. Be3 e5 7. Nf3 Bb4+ 8. Ke2 Nc6 9. d5 O-O-O 10. Ng5 Qf5 11. Rc1 Nd4+ 12. Bxd4 exd4 13. Qxd4 Qxg5 14. f4 Qe7+ 15. Kf3 Kb8 16. a3 Ba5 17. Bd3 Nf6 18. b4 Bb6 0-1


[Site "https://www.chess.com"]

[Event "Titled Tuesday Blitz November 01 Early 2022"]
[White "Budrewicz, Krzysztof"]
[Black "Devaev, Alexander"]
[WhiteFideId "1127950"]
[BlackFideId "4169395"]
[WhiteElo "2171"]
[BlackElo "2225"]
[Result "0-1"]
[Round "08"]
[TimeControl "180+1"]
[Date "2022.11.02"]
[WhiteClock "0:00:06"]
[BlackClock "0:00:05"]

1. d4 Nf6 2. c4 e6 3. Nf3 Bb4+ 4. Bd2 Qe7 5. g3 b6 6. Bg2 Bb7 7. O-O Bxd2 8. Qxd2 O-O 9. Nc3 Ne4 10. Nxe4 Bxe4 11. Qe3 f5 12. Rfd1 d6 13. Ng5 Bxg2 14. Kxg2 Re8 15. f4 Nd7 16. Rd2 h6 17. Nf3 Nf6 18. Rad1 Ne4 19. Rc2 Rad8 20. Nd2 Nf6 21. Qf2 c5 22. e3 Rc8 23. Qf3 cxd4 24. exd4 d5 25. Rdc1 Ne4 26. Nxe4 dxe4 27. Qe3 Red8 28. c5 bxc5 29. dxc5 Rd3 30. Qe2 Rc6 31. b4 a6 32. a4 Qb7 33. Rb2 Rd5 34. Qh5 Kh7 35. a5 Rdxc5 36. Rxc5 Rxc5 37. Qe2 Rb5 38. Kh3 Qd5 39. Rd2 Qc6 40. Rd4 Rd5 41. Rc4 Qb5 42. Qc2 e3 43. g4 Rd2 44. Qc3 Qd5 45. Qxe3 Qg2+ 46. Kh4 Qxg4# 0-1


[Site "https://www.chess.com"]

[Event "Titled Tuesday Blitz November 01 Early 2022"]
[White "Buscar, Michael"]
[Black "De Souza, Cristiano Gomes"]
[WhiteFideId "2603616"]
[BlackFideId "2151758"]
[WhiteElo "2010"]
[BlackElo "2068"]
[Result "1-0"]
[Round "08"]
[TimeControl "180+1"]
[Date "2022.11.02"]
[WhiteClock "0:01:04"]
[BlackClock "0:00:53"]

1. d4 Nf6 2. c4 d6 3. Nc3 h6 4. Nf3 Bg4 5. e4 Nbd7 6. Be2 e5 7. Be3 g6 8. d5 Bg7 9. Qd2 h5 10. h3 Bxf3 11. Bxf3 O-O 12. g4 hxg4 13. hxg4 Re8 14. Bh6 Bh8 15. O-O-O a5 16. Rh2 Nc5 17. Rdh1 a4 18. Qg5 Nh7 19. Qe3 Bf6 20. g5 Nxg5 21. Kb1 Nxf3 22. Qxf3 c6 23. Bg5 1-0


[Site "https://www.chess.com"]

[Event "Titled Tuesday Blitz November 01 Early 2022"]
[White "Caruana, Fabiano"]
[Black "Chigaev, Maksim"]
[WhiteFideId "2020009"]
[BlackFideId "4108116"]
[WhiteElo "3033"]
[BlackElo "2906"]
[Result "1-0"]
[Round "08"]
[TimeControl "180+1"]
[Date "2022.11.01"]
[WhiteClock "0:00:06"]
[BlackClock "0:00:01"]

1. e4 c5 2. Nf3 e6 3. d4 cxd4 4. Nxd4 Nf6 5. Nc3 Nc6 6. Ndb5 Bb4 7. a3 Bxc3+ 8. Nxc3 d5 9. exd5 exd5 10. Bd3 O-O 11. O-O d4 12. Ne2 Bg4 13. f3 Bh5 14. Nf4 Bg6 15. Nxg6 hxg6 16. Bf4 Nd5 17. Qd2 Qb6 18. b4 Rfe8 19. Rfe1 Nxf4 20. Qxf4 Re3 21. Rxe3 dxe3 22. Re1 e2+ 23. Kh1 Qf2 24. Qg3 Qd4 25. Rxe2 Qa1+ 26. Qe1 Qxa3 27. b5 Nd4 28. Re4 Rd8 29. h4 Qf8 30. Re7 Nf5 31. Rxb7 Re8 32. Qf2 Qd6 33. Rxa7 Ng3+ 34. Kg1 Nh5 35. b6 Rb8 36. b7 Qc7 37. Be4 Nf6 38. Bd3 Rxb7 39. Rxb7 Qxb7 40. c4 Qb3 41. Qc2 Qb4 42. c5 Qe1+ 43. Bf1 Nd5 44. Qf2 Qe5 45. c6 Qc7 46. Qc5 Ne7 47. Bb5 Nf5 48. Qc4 Kh7 49. Qc5 Qg3 50. Qf2 Qc7 51. Qc5 Qg3 52. Qf2 Qc7 53. g4 Ne7 54. Kg2 Nc8 55. Qd4 Nd6 56. Qd5 Qe7 57. Bd3 Ne8 58. h5 Nf6 59. hxg6+ fxg6 60. Qg5 Kh8 61. Qxg6 Qd6 62. g5 Ne8 63. Qh7# 1-0


[Site "https://www.chess.com"]

[Event "Titled Tuesday Blitz November 01 Early 2022"]
[White "Celestino, Rafael Teixeira"]
[Black "Fernandez Siles, Luis"]
[WhiteFideId "2108925"]
[BlackFideId "2209420"]
[WhiteElo "2430"]
[BlackElo "2186"]
[Result "0-1"]
[Round "08"]
[TimeControl "180+1"]
[Date "2022.11.02"]
[WhiteClock "0:00:06"]
[BlackClock "0:00:25"]

1. e4 c5 2. Nf3 Nc6 3. c3 d5 4. e5 Bg4 5. Bb5 Qb6 6. Bxc6+ Qxc6 7. d4 cxd4 8. cxd4 Bxf3 9. gxf3 Rc8 10. Nc3 e6 11. a3 Ne7 12. Rg1 Nf5 13. Be3 Be7 14. Rc1 O-O 15. Qd3 Qc4 16. Ke2 Qb3 17. Rc2 Rc4 18. Rcc1 Qxb2+ 19. Rc2 Qxa3 20. Rgc1 Qa6 21. Ke1 Rfc8 22. Qe2 h6 23. Qd3 b5 24. Kf1 b4 25. Ne2 Qc6 26. Rxc4 dxc4 27. Qb1 Qxf3 28. Ng3 Nxe3+ 29. Ke1 Nd5 30. Qc2 b3 31. Qd2 c3 32. Qe2 Qxe2+ 33. Kxe2 b2 34. Rg1 c2 35. Nh5 c1=Q 36. Rxg7+ Kf8 37. Rh7 Rc2+ 38. Kf3 Qd1+ 39. Kg2 Qxh5 40. Rh8+ Kg7 41. Rb8 Nf4+ 42. Kf1 Qd1# 0-1


[Site "https://www.chess.com"]

[Event "Titled Tuesday Blitz November 01 Early 2022"]
[White "Chan, Kim Yew"]
[Black "Romero Ruscalleda, Josep"]
[WhiteFideId "5717981"]
[BlackFideId "2231859"]
[WhiteElo "2206"]
[BlackElo "2284"]
[Result "1/2-1/2"]
[Round "08"]
[TimeControl "180+1"]
[Date "2022.11.02"]
[WhiteClock "0:00:14"]
[BlackClock "0:01:03"]

1. d4 g6 2. e4 Bg7 3. Nf3 d6 4. c3 Nf6 5. Bd3 O-O 6. O-O Nbd7 7. Re1 e5 8. h3 b6 9. a4 a5 10. Nbd2 Bb7 11. Nf1 Re8 12. Ng3 d5 13. dxe5 Nxe4 14. Nxe4 dxe4 15. Bxe4 Bxe4 16. Rxe4 Nxe5 17. Qxd8 Nxf3+ 18. gxf3 Raxd8 19. Bf4 Rxe4 20. fxe4 Rd7 21. f3 Bf8 22. Kf2 Bc5+ 23. Ke2 f6 24. Rb1 Kf7 25. b4 axb4 26. cxb4 Bd6 27. Rd1 Ke6 28. Bxd6 cxd6 29. Rd5 Ra7 30. a5 bxa5 31. bxa5 f5 32. Rb5 fxe4 33. fxe4 Kd7 34. Kd3 Kc6 35. Kc4 Re7 36. Rb6+ Kc7 37. Kd4 Re5 38. Ra6 Rh5 39. Ra7+ Kc6 40. Ra6+ Kc7 41. Ra7+ Kc6 42. Rg7 Rxh3 43. a6 Ra3 44. a7 Ra4+ 45. Ke3 h5 46. Kf3 Ra3+ 47. Kf4 h4 48. Kg4 h3 49. Rxg6 h2 50. Rh6 Rxa7 51. Rxh2 Rf7 52. Rh5 Kd7 53. Rh6 Ke7 54. Rg6 Rf1 55. Rh6 Kd7 56. Rg6 Ke7 57. Rh6 Kd7 58. Kg5 Re1 59. Kf4 Kc6 60. Rh5 Rf1+ 61. Ke3 Kd7 62. Rd5 Ke6 63. Ke2 Ra1 64. Rd4 Ke5 65. Rd5+ Ke6 66. Rd4 Ra3 67. Rd3 Ra5 68. Ke3 Rh5 69. Kd4 Rh4 70. Rg3 Kd7 71. Rg8 Ke6 72. Re8+ Kd7 73. Ra8 Ke6 74. Ra7 Rh1 75. Ra8 Rd1+ 76. Ke3 Rb1 77. Re8+ Kd7 78. Rh8 Kc6 79. Kd4 Rb4+ 80. Kd3 Ra4 81. Rh5 Ra3+ 82. Kd4 Ra4+ 83. Kd3 Kd7 84. Ke3 Ke6 85. Kd3 Kf6 86. Ke3 Rb4 87. Kd3 Ke6 88. Ke3 Kf6 89. Kd3 Ke7 90. Ke3 Kd7 91. Kd3 Kc6 92. Rh6 Rb3+ 93. Kc4 Re3 94. Kd4 Re1 95. Rh8 Rd1+ 96. Ke3 Kc5 97. Rc8+ Kb4 98. Rc6 Kb5 99. Rc8 Kb6 100. Kf4 Kb7 101. Rc3 1/2-1/2


[Site "https://www.chess.com"]